 Dungeon Crawl Stone Soup version 0.30-a0-696-g2367cd04db (webtiles) character file.

Game seed: 4600142232796448959

210 Rennog the Grasshopper (level 5, 0/36 HPs)
             Began as an Octopode Wanderer on Jan 20, 2023.
             Slain by an orc wizard
             ... wielding a +0 dagger
              (2 damage)
             ... on level 5 of the Dungeon.
             The game lasted 00:05:38 (3792 turns).

Rennog the Grasshopper (Octopode Wanderer)          Turns: 3792, Time: 00:05:39

Health: 0/36       AC:  1    Str:  9    XL:     5   Next: 87%
Magic:  9/9        EV: 12    Int: 15    God:
Gold:   212        SH:  0    Dex: 15    Spells: 7/10 levels left

rFire   x . .      SeeInvis .    j - +2 flail (protect)
rCold   + . .      Faith    .    (no shield)
rNeg    . . .      Spirit   .    c - +0 hat
rPois   .          Reflect  .    e - amulet of the acrobat
rElec   .          Harm     .    i - ring of ice
rCorr   .          Rampage  .    (no ring)
Will    .....                    (no ring)
Stlth   +++                      (no ring)
HPRegen 0.26/turn                (no ring)
MPRegen 0.11/turn                (no ring)
                                 (no ring)
                                 (no ring)

@: no status effects
A: almost no armour, amphibious, 8 rings, camouflage 1, gelatinous body 1,
(nimble swimmer 1), tentacles, agile 1, weak 1
a: no special abilities


You were on level 5 of the Dungeon.
You visited 1 branch of the dungeon, and saw 5 of its levels.

You collected 212 gold pieces.

Inventory:

Hand Weapons
 a - a +0 club
 j - a +2 flail of protection (weapon)
Armour
 c - a +0 hat (worn)
Jewellery
 e - an amulet of the acrobat (around mantle)
 i - a ring of ice (left tentacle)
Scrolls
 f - 2 scrolls of blinking {unknown}
 g - a scroll of immolation {unknown}
 l - 3 scrolls of identify {unknown}
 n - 3 scrolls of magic mapping {unknown}
 o - a scroll of vulnerability {unknown}
 p - a scroll of butterflies {unknown}
 q - 2 scrolls of fear {unknown}
 s - a scroll of silence {unknown}
 u - a scroll of poison {unknown}
 v - a scroll of teleportation {unknown}
Potions
 d - a potion of resistance {unknown}
 h - a potion of mutation
 k - a potion of brilliance {unknown}
 m - 2 potions of magic {unknown}
 r - 3 potions of curing {unknown}
 t - a potion of invisibility {unknown}
 w - a potion of heal wounds {unknown}


   Skills:
 + Level 3.1 Fighting
 - Level 3.0 Stealth
 + Level 3.1 Spellcasting
 * Level 2.0 Summonings
 - Level 5.0 Translocations
 - Level 1.0 Transmutations
 - Level 1.1 Evocations


You had 7 spell levels left.
You knew the following spells:

 Your Spells              Type           Power      Damage    Failure   Level
a - Apportation           Tloc           34%        N/A       2%          1
b - Blink                 Tloc           34%        N/A       3%          2

Your spell library contained the following spells:

 Spells                   Type           Power      Damage    Failure   Level
 Lesser Beckoning         Tloc           34%        N/A       3%          2
 Wereblood                Tmut           5%         N/A       21%         2
 Passwall                 Tmut/Erth      2%         N/A       24%         2
 Sublimation of Blood     Necr           2%         N/A       30%         2
 Summon Guardian Golem    Hex/Summ       5%         N/A       36%         3
 Orb of Destruction       Conj           1%         9d5       100%        7
 Spellforged Servitor     Conj/Summ      2%         N/A       100%        7
 Summon Hydra             Summ           4%         N/A       100%        7


Dungeon Overview and Level Annotations

Branches:
Dungeon (5/15)
 Temple: D:4-7

Altars:
Fedhas
Nemelex Xobeh
Yredelemnul

Shops:
D:2 [[:

Annotations:
D:4 2 transporters, Dowan; Duvessa; superbruh's ghost, amateur MiMo


Innate Abilities, Weirdness & Mutations

You cannot wear most types of armour.
You are amphibious.
You can wear up to eight rings at the same time.
Your skin changes colour to match your surroundings (Stealth+).
Your rubbery body absorbs attacks. (AC +1, EV +1)
((You are camouflaged when in or above water. (Stealth+)))
You have tentacles for arms and can constrict up to eight enemies at once.
You are agile. (Dex +4, Str/Int -1)
You are weak. (Str -2)


Message History

The jelly jiggles.
The jelly attacks as you move away! The jelly closely misses you.
The jelly attacks as you move away! The jelly misses you.
You hit the jelly.
Your weapon exudes an aura of protection.
Your tentacles burn!
You squeeze the jelly!
The jelly is heavily wounded.
The jelly hits you but does no damage. The jelly closely misses you.
You sock the jelly!
You kill the jelly!
You hear some strange, mumbled words.
You are confused.
Your Summonings skill increases to level 2!
Something barely misses you.
You bump into the rock wall.
An orc comes into view. It is wielding a +0 flail.
Something hits you but does no damage.
You bump into the rock wall.
Something hits you but does no damage.
You bump into the rock wall.
You hear some strange, mumbled words.
Something tries to affect you, but you resist.
You completely miss something.
You feel less confused. Something hits you.
An orc comes into view. It is wielding a +0 hand axe.
Something hits you.
You miss something. Your squeeze misses something. Something barely misses you.
You closely miss something. Your squeeze misses something. Something hits you.
You miss something. Your squeeze misses something.
You hear some strange, mumbled words.
A magic dart appears from out of thin air!
The magic dart hits you!
* * * LOW HITPOINT WARNING * * *
An orc warrior comes into view. It is wielding a +0 trident.
Something hits you.
* * * LOW HITPOINT WARNING * * *
It was a potion of mutation.
You feel extremely strange.
You feel weaker.
You feel agile. Something hits you.
You die...

### ######.#
#<รท....#
######.# #.# #.#
#.# #@#
.######{# #
......oo##'#####
#######.........
#.........
...........
.............
#####.o.......
#.........


You could see an orc warrior (wandering) and 2 orcs.

Vanquished Creatures
  A hound (D:5)
  A jelly (D:5)
  6 adders
  A dart slug (D:3)
  11 orcs
  5 endoplasms
  3 giant cockroaches
  7 hobgoblins
  4 jackals (D:4)
  5 quokkas
  7 ball pythons
  5 bats
  2 frilled lizards
  8 goblins
  6 kobolds
  8 rats
80 creatures vanquished.

Notes
Turn   | Place    | Note
-------+----------+-------------------------------------------
     0 | D:1      | Rennog the Octopode Wanderer began the quest for the Orb.
     0 | D:1      | Rennog set off with the following items: a +0 club, a
                  | potion of berserk rage, a +0 hat; and the following spell
                  | memorised: Apportation; and the following spells available
                  | to memorise: Blink, Lesser Beckoning, Wereblood, Passwall.
     0 | D:1      | Reached XP level 1. HP: 11/11 MP: 2/2
   275 | D:1      | Reached XP level 2. HP: 18/18 MP: 3/3
   311 | D:1      | Learned a level 2 spell: Blink
   587 | D:1      | Reached skill level 1 in Fighting
   979 | D:2      | Reached XP level 3. HP: 23/23 MP: 5/5
  1269 | D:2      | Found Eciomekeq's Book Shop.
  1319 | D:2      | Reached XP level 4. HP: 13/29 MP: 7/7
  1481 | D:2      | Found Ufuto's Antique Armour Shop.
  1613 | D:2      | Found Fobakits's Armour Shoppe.
  2023 | D:3      | Found a basalt altar of Yredelemnul.
  2307 | D:3      | Found a sparkling altar of Nemelex Xobeh.
  2616 | D:3      | Found a blossoming altar of Fedhas.
  2966 | D:4      | Reached XP level 5. HP: 14/35 MP: 9/9
  3125 | D:4      | Noticed a two-headed ogre
  3128 | D:4      | Noticed superbruh's ghost (amateur MiMo)
  3131 | D:4      | Found a transporter.
  3146 | D:4      | Found a transporter.
  3308 | D:4      | Reached skill level 1 in Summonings
  3410 | D:4      | Noticed Duvessa
  3410 | D:4      | Noticed a phantom
  3410 | D:4      | Noticed Dowan
  3428 | D:5      | Entered Level 5 of the Dungeon
  3432 | D:5      | HP: 1/36 [hound (4)]
  3791 | D:5      | Noticed an orc warrior
  3792 | D:5      | Gained mutation: You are weak. (Str -2) [potion of
                  | mutation]
  3792 | D:5      | Gained mutation: You are agile. (Dex +4, Str/Int -1)
                  | [potion of mutation]
  3792 | D:5      | Slain by an orc wizard

Illustrated notes

Levels and vault maps discovered:
D:1:      dpeg_arrival_three_smaller_balls, layout_basic,
          minmay_misc_feat_pillars, chequers_avenue, grunt_decor_junction
D:2:      layout_loops_ring, serial_shops, nicolae_square_shop, shop,
          nicolae_shop_advertising_works [nicolae_subvault_shop_adworks],
          minmay_hedge_maze, guppyfry_early_orc_mine
D:3:      layout_basic, mainiacjoe_overflow_surrounded_room,
          mainiacjoe_overflow_alcove_1, nemelex_xobeh_ov_fountains_minmay
D:4:      layout_loops_corners, gammafunk_ghost_arena, minmay_ruptured,
          uniq_duvessa
D:5:      layout_basic, nicolae_uskayaw_murder_on_the_dancefloor

Skill      XL: |  1  2  3  4  5 |
---------------+----------------+-----
Stealth        | 3 |  3.0
Fighting       | 1 2 3 |  3.1
Spellcasting   | 2 3 |  3.1
Summonings     | 2 |  2.0
Translocations | |  5.0
Transmutations | |  1.0
Evocations     | |  1.1

Action                   |  1- 3 |  4- 6 || total
-------------------------+-------+-------++-------
Melee: Club              |    93 |     4 ||    97
       Constrict         |    23 |    13 ||    36
       Tentacles         |    12 |    11 ||    23
       Punch             |     1 |     1 ||     2
       Flail             |       |    87 ||    87
  Use: Potion            |       |     2 ||     2
 Stab: Sleeping          |    13 |     9 ||    22
Armor: Skin              |    10 |    29 ||    39
Dodge: Dodged            |    66 |    74 ||   140

Table legend: (Time is in decaauts)
 A = Elapsed time spent in this place.
 B = Non-inter-level travel time spent in this place.
 C = Inter-level travel time spent in this place.
 D = Time resting spent in this place.
 E = Time spent auto-exploring this place.
 F = Levels seen in this place.
 G = Mean time per level.
                   A        B        C        D        E       F      G
               +--------+--------+--------+--------+--------+-----+--------+
         Total |   3862 |   3804 |     58 |    333 |   2877 |   5 |  772.4 |
       Dungeon |   3862 |   3804 |     58 |    333 |   2877 |   5 |  772.4 |
               +--------+--------+--------+--------+--------+-----+--------+

Top non-repeatable levels by time:
     D:2: 1030 daAuts
     D:1: 960 daAuts
     D:3: 855 daAuts
     D:4: 637 daAuts
     D:5: 378 daAuts
